 Dungeon Crawl Stone Soup version 0.29-a0-721-g7f417c9bbb (webtiles) character file.

Game seed: 2462345387204558316

449584 testman the Phalangite (level 24, 0/203 (205) HPs)
             Began as a Gnoll Wanderer on June 24, 2022.
             Was the Champion of Ashenzari.
             Hit by a large rock thrown by a stone giant (11 damage)
             ... while paralysed by a sphinx
             ... on level 5 of the Vaults on June 27, 2022.
             The game lasted 08:33:46 (69361 turns).

testman the Phalangite (Gnoll Wanderer)            Turns: 69361, Time: 08:33:47

HP:   0/203 (205)   AC: 26    Str: 23    XL:     24   Next: 27%
MP:   34/47         EV:  2    Int: 23    God:    Ashenzari [******]
Gold: 5810          SH:  0    Dex: 20    Spells: 8/63 levels left

rFire   + + .      SeeInvis +   X - +9 trident of Ashenzari's Disgust {venom, rElec rN+ Int+7, Fort, Cun} (curse)
rCold   . . .      Faith    .   a - +5 tower shield of the Gnostic Sky {rElec rF- Int+2 SInv, Range, Bglg} (curse)
rNeg    + + .      Spirit   .   D - +0 fire dragon scales "Overhang to Understand" {rF++ rC-, Melee, Self} (curse)
rPois   +          Reflect  .   A - +1 hat of Ouranomancy {Drain Str+2 Dex+6, Fort, Self} (curse)
rElec   +          Harm     .   h - +2 ratskin cloak {*Rats rPois rN+ Str-1 Int-1 Dex+1, Range, Elem} (curse)
rCorr   .          Rampage  .   y - +0 pair of gloves of the Enlightened Comet {Cun, Evo} (curse)
Will    +....      Clarity  +   l - +1 pair of boots "Gaze Upon Infinity" {Fort, Alch} (curse)
Stlth   ++++++....              G - amulet of the Fated Visionary {Acrobat, Fort, Evo} (curse)
HPRegen 0.43/turn               r - ring "At What Cost Knowledge?" {Wiz rPois rF++, Evo, Range} (curse)
MPRegen 0.30/turn               F - ring of the Shattered Negation {Ice rPois Str+3, Comp, Alch} (curse)

@: paralysed, wereblooded, studying Polearms, lightly drained, unable to drink
A: fangs 1, strong nose, distributed training
}: 2/15 runes: serpentine, barnacled
a: Renounce Religion, Shatter the Chains


You were on level 5 of the Vaults.
You worshipped Ashenzari.
Ashenzari was exalted by your worship.
You visited 9 branches of the dungeon, and saw 43 of its levels.
You visited the Abyss 2 times.
You visited 1 bazaar.
You also visited: Trove, Ice Cave and Wizlab.

You collected 7301 gold pieces.
You spent 1491 gold pieces at shops.

Inventory:

Hand Weapons
 X - the cursed +9 trident of Ashenzari's Disgust (weapon) {venom, rElec rN+ Int+7, Fort, Cun}
   (You found it on level 6 of the Lair of Beasts)

   It poisons the flesh of those it strikes.
   Int:       It affects your intelligence (+7).
   rElec:     It insulates you from electricity.
   rN:        It protects you from negative energy.
   It has a curse which improves the following skills: Fortitude: Armour and
   Shields.
   Cunning:   Dodging and Stealth.
Missiles
 b - 15 atropa-tipped darts
 i - 30 silver javelins
 m - 36 boomerangs
 t - 55 poisoned darts
 u - 22 javelins
 E - 4 boomerangs of dispersal
 V - 13 throwing nets
Armour
 a - the cursed +5 tower shield of the Gnostic Sky (worn) {rElec rF- Int+2 SInv, Range, Bglg}
   (You found it on level 7 of the Dungeon)

   Int:       It affects your intelligence (+2).
   rF:        It makes you vulnerable to fire.
   rElec:     It insulates you from electricity.
   SInv:      It lets you see invisible.
   It has a curse which improves the following skills: Ranged Combat: Ranged
   Weapons and Throwing.
   Beguiling: Conjurations, Hexes and Translocations.
 h - the cursed +2 ratskin cloak (worn) {*Rats rPois rN+ Str-1 Int-1 Dex+1, Range, Elem}
   (You found it on level 4 of the Dungeon)

   When the wearer is hurt, rats may emerge from it to assist them.
   Str:       It affects your strength (-1).
   Int:       It affects your intelligence (-1).
   Dex:       It affects your dexterity (+1).
   rPois:     It protects you from poison.
   rN:        It protects you from negative energy.
   It has a curse which improves the following skills: Ranged Combat: Ranged
   Weapons and Throwing.
   Elements:  Fire Magic, Ice Magic, Air Magic and Earth Magic.
 j - +0 gold dragon scales
 l - the cursed +1 pair of boots "Gaze Upon Infinity" (worn) {Fort, Alch}
   (You found it on level 1 of the Dungeon)

   It has a curse which improves the following skills: Fortitude: Armour and
   Shields.
   Alchemy:   Poison Magic and Transmutations.
 y - the cursed +0 pair of gloves of the Enlightened Comet (worn) {Cun, Evo}
   (You found it on level 3 of the Dungeon)

   It has a curse which improves the following skills: Cunning: Dodging and
   Stealth.
   Evocations: Evocations.
 A - the cursed +1 hat of Ouranomancy (worn) {Drain Str+2 Dex+6, Fort, Self}
   (You found it in an ice cave)

   Str:       It affects your strength (+2).
   Dex:       It affects your dexterity (+6).
   Drain:     It drains your maximum health when unequipped.
   It has a curse which improves the following skills: Fortitude: Armour and
   Shields.
   Introspection: Fighting and Spellcasting.
 D - the cursed +0 fire dragon scales "Overhang to Understand" (worn) {rF++ rC-, Melee, Self}
   (You took it off Ijyb on level 4 of the Dungeon)

   rF:        It greatly protects you from fire.
   rC:        It makes you vulnerable to cold.
   It has a curse which improves the following skills: Melee Combat: Short
   Blades, Long Blades, Axes, Maces & Flails, Polearms, Staves and Unarmed
   Combat.
   Introspection: Fighting and Spellcasting.
Jewellery
 r - the cursed ring "At What Cost Knowledge?" (left hand) {Wiz rPois rF++, Evo, Range}
   (You acquired it in the Ecumenical Temple)

   [ring of wizardry]

   It improves your spell success rate.
   rF:        It greatly protects you from fire.
   rPois:     It protects you from poison.
   It has a curse which improves the following skills: Evocations: Evocations.
   Ranged Combat: Ranged Weapons and Throwing.
 F - the cursed ring of the Shattered Negation (right hand) {Ice rPois Str+3, Comp, Alch}
   (You found it in an ice cave)

   [ring of ice]

   It enhances your ice magic.
   Str:       It affects your strength (+3).
   rF:        It makes you vulnerable to fire.
   rC:        It protects you from cold.
   rPois:     It protects you from poison.
   It has a curse which improves the following skills: Companions: Summonings
   and Necromancy.
   Alchemy:   Poison Magic and Transmutations.
 G - the cursed amulet of the Fated Visionary (around neck) {Acrobat, Fort, Evo}
   (You found it on level 6 of the Dungeon)

   [amulet of the acrobat]

   It increases your evasion while moving and waiting.
   It has a curse which improves the following skills: Fortitude: Armour and
   Shields.
   Evocations: Evocations.
Wands
 C - a wand of flame (52)
 I - a wand of iceblast (20)
 J - a wand of polymorph (21)
 M - a wand of quicksilver (17)
 P - a wand of paralysis (13)
 Q - a wand of mindburst (9)
Scrolls
 c - 8 scrolls of fear
 d - 4 scrolls of blinking
 f - 4 scrolls of poison
 o - 23 scrolls of teleportation
 w - 3 scrolls of magic mapping
 x - 9 scrolls of amnesia
 z - a scroll of enchant armour
 B - 5 scrolls of summoning
 N - 9 scrolls of fog
 W - 3 scrolls of silence
Potions
 e - 6 potions of cancellation
 g - 12 potions of curing
 k - 7 potions of might
 n - 3 potions of heal wounds
 p - 3 potions of resistance
 q - 3 potions of magic
 s - 6 potions of flight
 v - 10 potions of mutation
 K - 5 potions of invisibility
 R - 6 potions of brilliance
 S - 3 potions of haste
 T - 3 potions of berserk rage
Miscellaneous
 H - a phial of floods
 L - a lightning rod (4/4)
 O - a box of beasts
 U - a phantom mirror
 Z - a tin of tremorstones (2/2)


   Skills:
 + Level 16.7(20.4) Fighting
 + Level 16.5(19.0) Short Blades
 + Level 16.5(19.0) Long Blades
 + Level 16.7(19.1) Axes
 + Level 16.5(19.0) Maces & Flails
 + Level 21.0(23.3) Polearms
 + Level 16.5(19.0) Staves
 + Level 18.2(23.1) Ranged Weapons
 + Level 16.5(21.4) Throwing
 + Level 16.7(22.7) Armour
 + Level 16.5(20.3) Dodging
 + Level 16.9(20.7) Stealth
 + Level 16.5(22.5) Shields
 + Level 16.5(19.0) Unarmed Combat
 + Level 16.5(20.3) Spellcasting
 + Level 14.0(16.6) Conjurations
 + Level 14.0(16.6) Hexes
 + Level 14.0(16.6) Summonings
 + Level 14.0(16.6) Necromancy
 + Level 14.0(16.6) Translocations
 + Level 14.0(17.9) Transmutations
 + Level 14.0(16.6) Fire Magic
 + Level 14.0(16.6) Ice Magic
 + Level 14.0(16.6) Air Magic
 + Level 14.0(16.6) Earth Magic
 + Level 14.0(17.9) Poison Magic
 + Level 18.0 Invocations
 + Level 16.5(21.4) Evocations


You had 8 spell levels left.
You knew the following spells:

 Your Spells              Type           Power      Damage    Failure   Level
a - Blink                 Tloc           100%       N/A       0%          2
b - Olgreb's Toxic Radia  Pois           81%        N/A       1%          4
c - Mephitic Cloud        Conj/Pois/Air  80%        N/A       0%          3
d - Ignite Poison         Fire/Tmut/Pois 81%        N/A       0%          3
e - Conjure Flame         Conj/Fire      79%        6-21      0%          3
f - Wereblood             Tmut           81%        N/A       0%          2
g - Summon Ice Beast      Ice/Summ       99%        N/A       1%          4
h - Lightning Bolt        Conj/Air       39%        1d58      1%          5
i - Portal Projectile     Hex/Tloc       100%       N/A       0%          3
j - Ozocubu's Refrigerat  Ice            49%        4d14      2%          7
k - Irradiate             Conj/Tmut      40%        3d26      1%          5
l - Freezing Cloud        Conj/Ice/Air   49%        6-21      1%          5
m - Iron Shot             Conj/Erth      39%        9d8       1%          6
n - Swiftness             Air            79%        N/A       0%          3

Your spell library contained the following spells:

 Spells                   Type           Power      Damage    Failure   Level
 Beastly Appendage        Tmut           100%       N/A       0%          1
 Foxfire                  Conj/Fire      100%       2x1d9     0%          1
 Freeze                   Ice            100%       1d11      0%          1
 Magic Dart               Conj           100%       1d8       0%          1
 Necrotize                Necr           100%       1d9       0%          1
 Sandblast                Erth           100%       2d20      0%          1
 Shock                    Conj/Air       100%       1d9       0%          1
 Slow                     Hex            100%       N/A       0%          1
 Summon Small Mammal      Summ           100%       N/A       0%          1
 Scorch                   Fire           100%       2d10      0%          2
 Searing Ray              Conj           100%       2d8       0%          2
 Static Discharge         Conj/Air       79%        N/A       0%          2
 Sublimation of Blood     Necr           79%        N/A       0%          2
 Call Canine Familiar     Summ           79%        N/A       0%          3
 Confusing Touch          Hex            79%        N/A       0%          3
 Frozen Ramparts          Ice            100%       1d12      0%          3
 Gell's Gravitas          Tloc           79%        N/A       0%          3
 Inner Flame              Hex/Fire       79%        N/A       0%          3
 Ozocubu's Armour         Ice            99%        N/A       0%          3
 Spider Form              Tmut/Pois      81%        N/A       0%          3
 Summon Guardian Golem    Hex/Summ       79%        N/A       0%          3
 Teleport Other           Tloc           79%        N/A       0%          3
 Vampiric Draining        Necr           79%        2d11      0%          3
 Airstrike                Air            39%        N/A       1%          4
 Anguish                  Hex/Necr       39%        N/A       1%          4
 Animate Armour           Summ/Erth      100%       N/A       1%          4
 Cause Fear               Hex            39%        N/A       1%          4
 Flame Wave               Conj/Fire      79%        2d14      1%          4
 Fulminant Prism          Conj/Hex       39%        3d18      1%          4
 Hailstorm                Conj/Ice       99%        3d19      1%          4
 Ice Form                 Ice/Tmut       100%       N/A       1%          4
 Iskenderun's Mystic Bla  Conj/Tloc      79%        2d16      1%          4
 Leda's Liquefaction      Hex/Erth       39%        N/A       1%          4
 Sticky Flame             Conj/Fire      79%        2d9       1%          4
 Agony                    Necr           79%        N/A       1%          5
 Alistair's Intoxication  Tmut/Pois      54%        N/A       1%          5
 Blade Hands              Tmut           40%        N/A       1%          5
 Iskenderun's Battlesphe  Conj           79%        2d13      1%          5
 Lee's Rapid Deconstruct  Erth           39%        3d20*     1%          5
 Manifold Assault         Tloc           79%        N/A       1%          5
 Summon Forest            Summ/Tloc      39%        N/A       1%          5
 Summon Mana Viper        Hex/Summ       79%        N/A       1%          5
 Dispersal                Tloc           39%        N/A       1%          6
 Eringya's Noxious Bog    Tmut/Pois      40%        N/A       1%          6
 Simulacrum               Ice/Necr       49%        N/A       1%          6
 Statue Form              Tmut/Erth      53%        N/A       1%          6
 Dragon Form              Tmut           40%        N/A       1%          7
 Storm Form               Tmut/Air       40%        N/A       1%          7
 Enfeeble                 Hex            39%        N/A       2%          7
 Monstrous Menagerie      Summ           39%        N/A       2%          7
 Spellforged Servitor     Conj/Summ      39%        N/A       2%          7
 Summon Hydra             Summ           39%        N/A       2%          7
 Disjunction              Tloc           39%        N/A       16%         8
 Ignition                 Fire           39%        3d12      16%         8
 Maxwell's Capacitive Co  Air            39%        ∞         16%         8
 Dragon's Call            Summ           39%        N/A       91%         9


Dungeon Overview and Level Annotations

Branches:
Dungeon (15/15)            Temple (1/1) D:5            Lair (6/6) D:8
 Shoals (4/4) Lair:3        Snake (4/4) Lair:3        Slime (0/5) Lair:6
    Orc (2/2) D:10            Elf (2/3) Orc:2        Vaults (5/5) D:13
  Crypt (0/3) Vaults:3     Depths (4/4) D:15            Zot (0/5) Depths:4
  IceCv (visited)          WizLab (visited)

Altars:
Ashenzari
Cheibriados
Dithmenos
Elyvilon
Fedhas
Gozag
Hepliaklqana
Kikubaaqudgha
Makhleb
Nemelex Xobeh
Okawaru
Qazlal
Ru
Sif Muna
Trog
Uskayaw
Vehumet
Wu Jian
Xom
Yredelemnul
Zin
The Shining One
Beogh
Jiyva

Shops:
D:1 [   D:8 !   D:11 !   D:12 *!?   D:13 ?   Orc:2 [?[!*   Elf:1 :=:[*
Shoals:3 *   Snake:2 (*(   Vaults:1 [   Vaults:2 =   Depths:2 [   Depths:4 *

Portals:
Hell: Depths:1 Depths:2 Depths:3 Depths:4
Abyss: Depths:2 Depths:3
Pandemonium: Depths:2
Ziggurat: Depths:3

Annotations:
D:8 exclusion: orange crystal statue
Elf:2 3 runed translucent doors


Innate Abilities, Weirdness & Mutations

You have very sharp teeth.
Your uncanny sense of smell can sniff out nearby items.
Your experience applies equally to all skills.


Message History

An ironbound convoker comes into view. It is wielding a +0 dire flail.
The phantasmal warrior hits you! The golden dragon breathes cold at you.
The bolt of cold hits you!!!
The bolt of cold hits the phantasmal warrior!
The phantasmal warrior resists.
The yaktaur shoots a bolt.
The bolt hits you!
You hear a shout! x2
The sphinx completely misses you.
The sphinx hits you but does no damage. x2
The stone giant throws a large rock.
The large rock hits you!!!
The golden dragon bites you but does no damage.
The golden dragon claws you but does no damage.
The golden dragon tramples you but does no damage.
The phantasmal warrior hits you!
The yaktaur shoots a bolt.
The bolt hits you!
* * * LOW HITPOINT WARNING * * *
The boulder beetle changes into a bunyip!
The sphinx hits you but does no damage. The sphinx barely misses you.
The sphinx hits you but does no damage.
The stone giant throws a large rock.
The large rock hits you but does no damage.
A yaktaur comes into view.
The yaktaur wields a +0 arbalest.
The yaktaur shoots a bolt.
The bolt hits you but does no damage.
The vault warden hits you with a +2 long sword of draining!
* * * LOW HITPOINT WARNING * * *
You partially resist.
You feel drained.
The dread lich casts a spell.
The golden dragon bites you.
* * * LOW HITPOINT WARNING * * *
The golden dragon claws you!
* * * LOW HITPOINT WARNING * * *
The golden dragon tramples you but does no damage.
A yaktaur comes into view.
The phantasmal warrior hits you.
* * * LOW HITPOINT WARNING * * *
The yaktaur shoots a bolt.
The bolt hits you!
* * * LOW HITPOINT WARNING * * *
The sphinx hits you but does no damage. x3
The vault warden hits you but does no damage.
You partially resist.
The stone giant throws a large rock.
The large rock hits you!
You die...

,,,
,{.#..#....#*{#***,*
* **** **
{.#..#.c..##..#*, **
,,, ,,,
,,L..#....#.[.., ,
,, , ,,,, ,,,
.[..........* * ,, *
** *
#####x.[..[.C### *
** * ,
,......[..(......
,,,,,,, , , ,
.....÷[.<<...... , ,
, ,,,
.....[[HD[<[).).,, ,
, , ,,
,,.....[[)@p..)... ,
, , ** **
**#####[.[W....###*
* ** * ** * ,*
*#.).[....).÷. , ,
*,, * *
,#...#....#cc.. , ,
, *,..#.##....#pc..
, ***** * ,
,#.###,#....#{ ..,**
, ,* , ,*##,
,,#....#,, . *,,
,,,, , ***, ,,
,#....#,, * ,, ** *
, * ,,, , * ,,,,,


You could see a golden dragon (catching breath), a dread lich, a sphinx, a stone
giant, a vault warden, a bunyip shaped shifter, a phantasmal warrior, an
ironbound convoker (wandering) and 4 yaktaurs.

Vanquished Creatures
  A dread lich (Depths:2)
  Sojobo (Vaults:4)
  Bai Suzhen (Vaults:3)
  2 caustic shrikes (Depths:4)
  A caustic shrike (shapeshifter) (Depths:1)
  A golden dragon (Depths:4)
  A tentacled monstrosity (Vaults:4)
  The ghost of Zidour the Black Belt, an adept DsBe of Trog (Depths:4)
  Jorgrun (Snake:1)
  A titan (Depths:3)
  2 liches (Depths:2)
  A tentacled starspawn (WizLab)
  5 sphinxes
  A sphinx (shapeshifter) (Depths:2)
  Polyphemus (Shoals:2)
  4 storm dragons
  4 tengu reavers
  Donald (Vaults:1)
  Roxanne (Snake:3)
  2 draconian knights (Depths:4)
  7 nagarajas
  A revenant (Vaults:3)
  4 fire giants
  4 deep elf sorcerers
  9 frost giants
  11 vault wardens
  5 orc warlords
  A ghost moth (WizLab)
  3 iron dragons (Depths:4)
  Aizul (Vaults:3)
  Louise (Depths:2)
  A curse skull (Vaults:3)
  A deep elf elementalist (Elf:1)
  26 very ugly things
  5 demonspawn corrupters (WizLab)
  9 stone giants
  9 ironbound preservers
  A draconian annihilator (Depths:4)
  A war gargoyle (Vaults:3)
  5 ironbound thunderhulks
  14 slime creatures
  3 vampire knights
  A deep elf demonologist (Elf:2)
  4 entropy weavers
  A black draconian (Depths:4)
  3 spark wasps
  5 minotaurs
  A purple draconian (Depths:4)
  2 yellow draconians (Depths:4)
  2 blizzard demons (IceCv)
  4 jiangshi
  13 ettins
  A deep elf death mage (Vaults:4)
  Snorg (D:11)
  4 crystal guardians
  32 vault guards
  15 yaktaur captains
  5 merfolk javelineers
  8 fire dragons
  6 merfolk impalers
  2 deep elf high priests
  7 great orbs of eyes
  2 rakshasas
  7 boulder beetles
  2 salamander tyrants
  3 ironbound frosthearts
  4 peacekeepers
  7 hydras
  A spriggan air mage (Depths:3)
  13 anacondas
  Erica (Orc:1)
  9 ice dragons
  9 satyrs
  2 merfolk avatars
  2 alligator snapping turtles (Shoals:3)
  15 naga warriors
  2 two-headed ogres
  21 centaur warriors
  12 death yaks
  4 catoblepae
  6 merfolk aquamancers
  4 deep troll shamans
  A deep troll earth mage (Depths:1)
  4 spriggan berserkers (Depths:3)
  4 tengu warriors
  A titan zombie (Depths:3)
  12 dancing weapons
  4 vampire magi
  5 shock serpents
  An orc high priest (Orc:2)
  15 naga sharpshooters
  14 deep elf knights
  2 hell knights (WizLab)
  2 salamander mystics
  6 skeletal warriors
  8 iron trolls
  2 storm dragon skeletons (Depths:3)
  Lodul (D:10)
  16 sea snakes
  13 lindwurms
  37 deep trolls
  A bog body (IceCv)
  A glowing orange brain (Depths:2)
  An obsidian statue (IceCv)
  4 spriggan simulacra (IceCv)
  3 naga ritualists
  15 wizards
  12 deep elf archers
  23 ironbound convokers
  25 deep elf zephyrmancers
  3 phantasmal warriors
  A sphinx zombie (Vaults:4)
  22 harpies
  11 necromancers
  A harpy (shapeshifter) (D:15)
  A stone giant zombie (Vaults:3)
  9 mana vipers
  12 orc knights
  27 deep elf pyromancers
  A frost giant zombie (Vaults:4)
  A wolf spider (shapeshifter) (Vaults:4)
  2 fire giant zombies (Vaults:3)
  2 moths of wrath (Depths:4)
  3 orc sorcerers
  5 cyclopes
  2 worldbinders (WizLab)
  41 ugly things
  22 manticores
  2 iron dragon zombies (Depths:3)
  16 fauns
  5 merfolk sirens
  10 salamanders
  8 guardian serpents
  4 elephants
  Maurice (Orc:2)
  A stone giant skeleton (Vaults:3)
  15 naga magi
  2 molten gargoyles (Lair:6)
  6 water nymphs
  15 vault sentinels
  29 black mambas
  An orange demon (Lair:1)
  A torpor snail (Lair:3)
  An unseen horror (shapeshifter) (D:15)
  A gargoyle (D:13)
  14 komodo dragons
  13 cane toads
  An elf zombie (Vaults:3)
  8 ice devils (IceCv)
  A freezing wraith (IceCv)
  A rime drake (Lair:3)
  An anaconda simulacrum (IceCv)
  2 efreet
  64 yaktaurs
  2 guardian mummies (Elf:2)
  11 entropy weaver simulacra (IceCv)
  2 trolls
  2 human zombies (Vaults:3)
  36 merfolk
  3 polar bears
  3 meliai (D:15)
  7 wind drakes
  4 hornets (Depths:3)
  2 dream sheep (shapeshifter)
  30 blink frogs
  15 dream sheep
  Grinder (D:3)
  A human simulacrum (Vaults:4)
  9 saltlings
  9 snapping turtles
  A stone giant simulacrum (Vaults:4)
  A jumping spider (Vaults:4)
  2 centaur simulacra (D:14)
  A spriggan (Depths:3)
  12 water elementals
  2 air elementals (Elf:1)
  A dire elephant simulacrum (IceCv)
  2 wraiths
  3 shadows
  10 wyverns
  49 yaks
  8 basilisks
  4 fire elementals (Elf:1)
  A wyvern (shapeshifter) (D:15)
  10 humans (D:13)
  A redback (shapeshifter) (Vaults:5)
  6 vampire mosquitoes
  7 minotaur simulacra (IceCv)
  3 elf skeletons
  4 redbacks (Vaults:4)
  3 harpy simulacra (IceCv)
  40 nagas
  A swamp worm (shapeshifter) (Vaults:4)
  2 wargs (Orc:2)
  16 water moccasins
  An acid dragon (D:10)
  A floating eye (Depths:4)
  3 hell hounds (Lair:6)
  18 orc warriors
  2 ice beasts (D:7)
  A sky beast (D:7)
  9 ogres
  2 alligator simulacra (IceCv)
  2 ettin simulacra (IceCv)
  A boggart (WizLab)
  9 wolves
  8 centaurs
  2 kobold brigands
  A nameless horror (Lair:2)
  10 bullfrogs
  A deep troll simulacrum (IceCv)
  3 scorpions
  2 earth elementals (Elf:1)
  3 necrophages (D:5)
  3 human skeletons
  5 wights (D:7)
  2 lindwurm simulacra (IceCv)
  8 killer bees
  An electric eel (Snake:2)
  The ghost of om the Firebug, a weakling OpFE (D:3)
  7 howler monkeys
  8 lava snakes
  4 hounds
  5 jellies
  3 gnoll shamans
  14 orc priests
  Ijyb (D:4)
  3 iguanas
  8 orc wizards
  6 hell rats (Lair:2)
  Robin (D:4)
  7 adders
  15 gnolls
  2 shadow imps
  2 worms
  A dart slug (D:2)
  79 orcs
  5 endoplasms
  6 giant cockroaches
  19 goblins
  11 hobgoblins
  13 jackals
  13 kobolds
  2 quokkas
  4 ball pythons
  5 bats
  5 frilled lizards
  3 rats
  2 pillars of salt (Orc:2)
1700 creatures vanquished.

Vanquished Creatures (collateral kills)
  A tentacled monstrosity (Depths:4)
  An ironbound thunderhulk (Vaults:2)
  A fire dragon (Lair:6)
  A catoblepas (Lair:6)
  A boulder beetle (D:12)
  A naga warrior (Snake:1)
  A two-headed ogre (D:9)
  2 death yaks (Lair:6)
  A vampire mage (Depths:2)
  Amaemon (Lair:1)
  A sphinx zombie (Vaults:4)
  An orc knight (Orc:2)
  A cyclops (Shoals:3)
  An ugly thing (D:12)
  2 fauns (Shoals:2)
  A manticore (D:11)
  2 elephants (Lair:5)
  A torpor snail (Lair:3)
  A komodo dragon (Lair:6)
  A troll (Orc:2)
  A dream sheep (Lair:4)
  3 yaks
  A wyvern (D:8)
  A water elemental (Shoals:2)
  A warg (Orc:1)
  A naga (Lair:3)
  2 orc warriors
  A black bear (D:5)
  An ogre (Orc:2)
  A gnoll sergeant (D:5)
  A deep troll simulacrum (IceCv)
  An orc priest (D:6)
  2 jellies (Lair:6)
  An orc wizard (Orc:2)
  A gnoll (D:5)
  4 orcs
  3 endoplasms (Lair:6)
49 creatures vanquished.

Vanquished Creatures (others)
  An ironbound preserver (Vaults:3)
  An ironbound frostheart (Vaults:3)
  A merfolk aquamancer (Shoals:4)
  A human (D:13)
  A harpy simulacrum (IceCv)
  An orc wizard (D:10)
  59 fungi
  6 pillars of salt (Orc:2)
  99 plants
  3 starspawn tentacles (WizLab)
173 creatures vanquished.

Grand Total: 1922 creatures vanquished

Notes
Turn   | Place    | Note
-------+----------+-------------------------------------------
     0 | D:1      | testman the Gnoll Wanderer began the quest for the Orb.
     0 | D:1      | testman set off with the following items: a +2 shortbow, a
                  | +0 hand axe, a +0 cloak, a scroll of blinking, a +0 leather
                  | armour.
     0 | D:1      | Reached XP level 1. HP: 17/17 MP: 2/2
   166 | D:1      | Found Ysta's Antique Armour Shoppe.
   238 | D:1      | Reached XP level 2. HP: 23/23 MP: 3/3
   717 | D:1      | Found a faded altar of an unknown god.
   825 | D:2      | Reached XP level 3. HP: 28/28 MP: 4/4
   832 | D:2      | Found a glowing silver altar of Zin.
  1489 | D:2      | Reached skill level 1 in Short Blades
  1489 | D:2      | Reached skill level 1 in Long Blades
  1489 | D:2      | Reached skill level 1 in Maces & Flails
  1489 | D:2      | Reached skill level 1 in Polearms
  1489 | D:2      | Reached skill level 1 in Staves
  1489 | D:2      | Reached skill level 1 in Slings
  1489 | D:2      | Reached skill level 1 in Crossbows
  1489 | D:2      | Reached skill level 1 in Throwing
  1489 | D:2      | Reached skill level 1 in Dodging
  1489 | D:2      | Reached skill level 1 in Shields
  1489 | D:2      | Reached skill level 1 in Unarmed Combat
  1489 | D:2      | Reached skill level 1 in Spellcasting
  1489 | D:2      | Reached skill level 1 in Evocations
  1782 | D:3      | Reached XP level 4. HP: 34/34 MP: 6/6
  1806 | D:3      | Noticed Grinder
  1814 | D:3      | Paralysed by Grinder for 4 turns
  1820 | D:3      | Killed Grinder
  1821 | D:3      | Reached skill level 1 in Conjurations
  1821 | D:3      | Reached skill level 1 in Hexes
  1821 | D:3      | Reached skill level 1 in Summonings
  1821 | D:3      | Reached skill level 1 in Necromancy
  1821 | D:3      | Reached skill level 1 in Translocations
  1821 | D:3      | Reached skill level 1 in Transmutations
  1821 | D:3      | Reached skill level 1 in Fire Magic
  1821 | D:3      | Reached skill level 1 in Ice Magic
  1821 | D:3      | Reached skill level 1 in Air Magic
  1821 | D:3      | Reached skill level 1 in Earth Magic
  1821 | D:3      | Reached skill level 1 in Poison Magic
  1821 | D:3      | Reached XP level 5. HP: 26/41 MP: 7/7
  1821 | D:3      | Reached XP level 6. HP: 29/47 MP: 8/8
  1825 | D:3      | Learned a level 2 spell: Blink
  2140 | D:3      | Found a large runed translucent door.
  2140 | D:3      | Found a large runed translucent door.
  2148 | D:3      | Noticed om's ghost (weakling OpFE)
  2168 | D:3      | Killed om's ghost
  2406 | D:3      | Reached skill level 2 in Polearms
  2971 | D:4      | Noticed Robin
  3022 | D:4      | Killed Robin
  3121 | D:4      | Found the +2 ratskin cloak {*Rats rPois rN+ Str-1 Int-1
                  | Dex+1}
  3142 | D:4      | Reached XP level 7. HP: 48/52 MP: 10/10
  3267 | D:4      | You fall into a shaft and drop 1 floor!
  3267 | D:5      | Entered Level 5 of the Dungeon
  3306 | D:5      | Found a white marble altar of Elyvilon.
  3565 | D:5      | Found a staircase to the Ecumenical Temple.
  3573 | Temple   | Entered the Ecumenical Temple
  3630 | Temple   | Identified a scroll of acquirement
  3638 | Temple   | Became a worshipper of Ashenzari the Shackled
  3639 | Temple   | Acquired the ring of Qefaz {Wiz rPois rF++}
  3676 | D:5      | Reached skill level 5 in Stealth
  3877 | D:5      | Reached XP level 8. HP: 60/60 MP: 12/12
  3950 | D:4      | Noticed Ijyb
  4063 | D:4      | Reached skill level 3 in Polearms
  4381 | D:4      | Killed Ijyb
  5241 | D:5      | Reached * piety under Ashenzari
  5756 | D:6      | Found a large runed translucent door.
  5757 | D:6      | Found a large runed translucent door.
  5779 | D:6      | Found a hazy altar of Hepliaklqana.
  5786 | D:6      | Found a radiant altar of Vehumet.
  5847 | D:6      | Reached ** piety under Ashenzari
  6168 | D:7      | Found a hide-covered altar of Uskayaw.
  6178 | D:7      | Noticed a +0 hand axe
  6178 | D:7      | Noticed a +0 dagger
  6220 | D:7      | Reached skill level 5 in Invocations
  6220 | D:7      | Reached XP level 9. HP: 66/66 MP: 14/14
  6267 | D:7      | Reached skill level 4 in Polearms
  6422 | D:7      | Identified the +5 tower shield of Pragmatism {rElec rF-
                  | Int+2 SInv}
  6738 | D:7      | Reached skill level 5 in Fighting
  6738 | D:7      | Reached skill level 5 in Axes
  6738 | D:7      | Reached skill level 5 in Armour
  7366 | D:8      | Noticed an orange crystal statue
  7414 | D:8      | Learned a level 3 spell: Inner Flame
  7806 | D:8      | Found a staircase to the Lair.
  7986 | D:8      | Reached XP level 10. HP: 72/77 MP: 17/19
  7990 | D:8      | Learned a level 3 spell: Mephitic Cloud
  7994 | D:8      | Learned a level 3 spell: Ignite Poison
  8086 | D:8      | Found Moneos's Distillery.
  8100 | D:8      | Reached *** piety under Ashenzari
  8606 | D:8      | Found an opulent altar of Gozag.
  8606 | D:8      | Found a basalt altar of Yredelemnul.
  8930 | D:8      | Lost intelligence.
  9210 | D:9      | Found a shadowy altar of Dithmenos.
  9211 | D:9      | Found an ancient bone altar of Kikubaaqudgha.
  9387 | D:8      | Reached skill level 5 in Short Blades
  9387 | D:8      | Reached skill level 5 in Long Blades
  9387 | D:8      | Reached skill level 5 in Maces & Flails
  9387 | D:8      | Reached skill level 5 in Polearms
  9387 | D:8      | Reached skill level 5 in Staves
  9387 | D:8      | Reached skill level 5 in Slings
  9387 | D:8      | Reached skill level 5 in Crossbows
  9387 | D:8      | Reached skill level 5 in Throwing
  9387 | D:8      | Reached skill level 5 in Dodging
  9387 | D:8      | Reached skill level 5 in Shields
  9387 | D:8      | Reached skill level 5 in Unarmed Combat
  9387 | D:8      | Reached skill level 5 in Spellcasting
  9387 | D:8      | Reached skill level 5 in Evocations
  9656 | D:9      | Reached **** piety under Ashenzari
  9699 | D:9      | Reached skill level 10 in Ranged Weapons
 10047 | D:9      | Noticed a two-headed ogre
 10067 | D:9      | Killed a two-headed ogre
 10638 | D:10     | Entered Level 10 of the Dungeon
 10875 | D:10     | Noticed a two-headed ogre
 10885 | D:10     | Killed a two-headed ogre
 11003 | D:10     | Found a staircase to the Orcish Mines.
 11131 | D:10     | Identified the cursed +0 helmet "Celestial Adversity"
                  | {Fort, Cun} (You took it off Robin on level 4 of the
                  | Dungeon)
 11131 | D:10     | Identified the cursed +0 pair of gloves of the Enlightened
                  | Comet {Cun, Evo} (You found it on level 3 of the Dungeon)
 11131 | D:10     | Identified the cursed +1 pair of boots "Gaze Upon Infinity"
                  | {Fort, Alch} (You found it on level 1 of the Dungeon)
 11131 | D:10     | Identified the cursed +0 fire dragon scales "Overhang to
                  | Understand" {rF++ rC-, Melee, Self} (You took it off Ijyb
                  | on level 4 of the Dungeon)
 11131 | D:10     | Identified the cursed ring of the Shackled Sky {rF+, Melee,
                  | Fort} (You found it on level 6 of the Dungeon)
 11297 | D:10     | Learned a level 3 spell: Conjure Flame
 11341 | D:10     | Reached ***** piety under Ashenzari
 11518 | D:10     | Reached XP level 11. HP: 67/87 MP: 23/23
 11837 | D:11     | Noticed a skeletal warrior
 11895 | D:11     | Killed a skeletal warrior
 11896 | D:11     | Reached skill level 6 in Polearms
 11896 | D:11     | Reached skill level 5 in Conjurations
 11896 | D:11     | Reached skill level 5 in Hexes
 11896 | D:11     | Reached skill level 5 in Summonings
 11896 | D:11     | Reached skill level 5 in Necromancy
 11896 | D:11     | Reached skill level 5 in Translocations
 11896 | D:11     | Reached skill level 5 in Transmutations
 11896 | D:11     | Reached skill level 5 in Fire Magic
 11896 | D:11     | Reached skill level 5 in Ice Magic
 11896 | D:11     | Reached skill level 5 in Air Magic
 11896 | D:11     | Reached skill level 5 in Earth Magic
 11896 | D:11     | Reached skill level 5 in Poison Magic
 11958 | D:11     | Noticed a skeletal warrior
 11958 | D:11     | Noticed a skeletal warrior
 12044 | D:11     | Noticed Lodul
 12061 | D:10     | Killed Lodul
 12127 | D:11     | Noticed a cyclops
 12275 | D:10     | Killed a cyclops
 12419 | D:11     | Identified the +5 robe of Charity {Slay+2}
 12451 | D:11     | Noticed a manticore
 12458 | D:11     | Killed a manticore
 12674 | D:11     | Killed a skeletal warrior
 12728 | D:11     | Killed a skeletal warrior
 12927 | D:11     | Identified the +1 leather armour "Cyggir" {rElec Regen+}
 13042 | D:11     | Noticed Snorg
 13058 | D:11     | Killed Snorg
 13180 | D:11     | Found Taex's Distillery.
 13196 | D:11     | Noticed an eight-headed hydra
 13206 | D:11     | Killed an eight-headed hydra
 13208 | D:11     | Bought a potion of haste for 160 gold pieces
 13325 | D:11     | Noticed a boulder beetle
 13386 | D:11     | Killed a boulder beetle
 13704 | D:12     | Reached ****** piety under Ashenzari
 13721 | D:12     | Reached XP level 12. HP: 97/97 MP: 22/25
 13814 | D:12     | Found Vuity's General Store.
 13968 | D:12     | Reached skill level 7 in Polearms
 14127 | D:12     | Found Ledwim's Magic Scroll Emporium.
 14250 | D:12     | Noticed a boulder beetle
 14361 | Lair:1   | Entered Level 1 of the Lair of Beasts
 14469 | Lair:1   | Noticed Amaemon
 14653 | Lair:1   | Killed Amaemon
 14790 | Lair:1   | Learned a level 2 spell: Wereblood
 14795 | Lair:1   | Learned a level 4 spell: Summon Ice Beast
 16082 | Lair:1   | Learned a level 5 spell: Lightning Bolt
 16750 | Lair:3   | Noticed a four-headed hydra
 16899 | Lair:3   | Reached XP level 13. HP: 106/106 MP: 27/27
 16991 | Lair:2   | Reached skill level 8 in Polearms
 18005 | Lair:3   | Identified the +1 robe of Vlad {Rampage Str+3 Dex-2}
 18370 | Lair:3   | Found a staircase to the Snake Pit.
 18418 | Lair:3   | Found a staircase to the Shoals.
 19494 | Lair:4   | Reached skill level 10 in Invocations
 19611 | Lair:4   | Learned a level 3 spell: Portal Projectile
 19616 | Lair:4   | Learned a level 4 spell: Leda's Liquefaction
 19752 | Lair:4   | Reached XP level 14. HP: 114/114 MP: 24/29
 20366 | Lair:5   | Reached skill level 9 in Polearms
 20798 | Lair:6   | Entered Level 6 of the Lair of Beasts
 20874 | Lair:4   | Reached skill level 10 in Stealth
 22346 | Lair:6   | Found a runed translucent door.
 22346 | Lair:6   | Found a viscous altar of Jiyva.
 22347 | Lair:6   | Found a staircase to the Slime Pits.
 24257 | Lair:6   | Reached skill level 10 in Fighting
 24257 | Lair:6   | Reached skill level 10 in Axes
 24257 | Lair:6   | Reached skill level 10 in Armour
 24316 | Lair:5   | Upgraded the game from 0.29-a0-676-ga64570c9d2 to
                  | 0.29-a0-700-g2f1814c7b2
 24528 | Lair:5   | Reached skill level 10 in Polearms
 25092 | Lair:6   | Reached XP level 15. HP: 86/122 MP: 28/31
 25244 | Lair:6   | Identified the +9 trident of the Unspeakable One {venom,
                  | rElec rN+ Int+7}
 25254 | Lair:6   | Found a large runed translucent door.
 25254 | Lair:6   | Found a large runed translucent door.
 25774 | Orc:1    | Entered Level 1 of the Orcish Mines
 25829 | Orc:2    | Entered Level 2 of the Orcish Mines
 25915 | Orc:2    | Found a flickering gateway to a bazaar.
 25930 | Orc:2    | Found a staircase to the Elven Halls.
 25955 | Bazaar   | Entered a bazaar
 25955 | Bazaar   | Found Wax Diod's Weapon Emporium.
 25955 | Bazaar   | Found Qupheosh's Magic Scroll Boutique.
 26187 | Bazaar   | Found Sifis's General Store.
 26210 | Bazaar   | Found Lorioseq's Magic Scroll Boutique.
 26240 | Bazaar   | Bought a scroll of fear for 24 gold pieces
 26291 | Bazaar   | Bought a scroll of enchant armour for 52 gold pieces
 27054 | Orc:2    | Found Gies's Distillery.
 27065 | Orc:2    | Noticed an orc warlord
 27726 | Orc:1    | Killed an orc warlord
 28092 | Orc:2    | Found Euagh's Eclectic Emporium.
 28106 | Orc:2    | Noticed Maurice
 28131 | Orc:2    | Killed Maurice
 28332 | Orc:2    | Found Hamudonk's Magic Scroll Boutique.
 28334 | Orc:2    | Found Omeups's Antique Armour Boutique.
 28368 | Orc:2    | Found Kihudd's Antique Armour Shop.
 28372 | Orc:2    | Reached skill level 10 in Short Blades
 28372 | Orc:2    | Reached skill level 10 in Long Blades
 28372 | Orc:2    | Reached skill level 10 in Maces & Flails
 28372 | Orc:2    | Reached skill level 10 in Staves
 28372 | Orc:2    | Reached skill level 10 in Slings
 28372 | Orc:2    | Reached skill level 10 in Crossbows
 28372 | Orc:2    | Reached skill level 10 in Throwing
 28372 | Orc:2    | Reached skill level 10 in Dodging
 28372 | Orc:2    | Reached skill level 10 in Shields
 28372 | Orc:2    | Reached skill level 10 in Unarmed Combat
 28372 | Orc:2    | Reached skill level 10 in Spellcasting
 28372 | Orc:2    | Reached skill level 10 in Evocations
 28917 | Orc:1    | Noticed an orc warlord
 28934 | Orc:1    | Killed an orc warlord
 29169 | Orc:1    | Noticed Erica
 29181 | Orc:1    | Killed Erica
 29530 | D:12     | Learned a level 5 spell: Irradiate
 29599 | D:12     | Found Biskyi's Distillery.
 29889 | D:13     | Found Jiug's Magic Scroll Shoppe.
 29897 | D:13     | Bought a scroll of enchant armour for 105 gold pieces
 30358 | D:13     | Found a gate to the Vaults.
 30448 | D:13     | Found a hazy altar of Hepliaklqana.
 30534 | D:13     | Reached skill level 11 in Polearms
 31103 | D:14     | Found a shadowy altar of Dithmenos.
 31322 | D:15     | Entered Level 15 of the Dungeon
 31590 | D:15     | Found a staircase to the Depths.
 32361 | D:15     | Found a snail-covered altar of Cheibriados.
 32457 | D:15     | Reached XP level 16. HP: 131/131 MP: 23/33
 32900 | Snake:1  | Entered Level 1 of the Snake Pit
 33018 | Snake:1  | Noticed Jorgrun
 33033 | Snake:1  | Killed Jorgrun
 33186 | Snake:1  | Reached skill level 12 in Polearms
 33464 | Snake:1  | Found a sacrificial altar of Ru.
 34100 | Snake:2  | Found a frozen archway.
 34115 | IceCv    | Entered an ice cave
 36201 | IceCv    | Identified the ring "Punaonax" {Ice rPois Str+3}
 36202 | IceCv    | Identified the +1 hat "Koid" {Drain Str+2 Dex+6}
 36332 | Snake:2  | Found Vaulocuh's General Store.
 36986 | Snake:2  | Found Zazi Uth's Weapon Shoppe.
 37168 | Snake:2  | Reached skill level 13 in Polearms
 37292 | Snake:2  | Found Iji Buiti's Antique Weapon Shoppe.
 37304 | Snake:2  | Reached XP level 17. HP: 139/139 MP: 34/34
 39165 | Snake:3  | Identified Roxanne's Almanac of Shape Shifting
 39165 | Snake:3  | Noticed Roxanne
 39525 | Snake:3  | Killed Roxanne
 39766 | Snake:4  | Entered Level 4 of the Snake Pit
 40405 | Snake:4  | Reached skill level 10 in Conjurations
 40405 | Snake:4  | Reached skill level 10 in Hexes
 40405 | Snake:4  | Reached skill level 10 in Summonings
 40405 | Snake:4  | Reached skill level 10 in Necromancy
 40405 | Snake:4  | Reached skill level 10 in Translocations
 40405 | Snake:4  | Reached skill level 10 in Transmutations
 40405 | Snake:4  | Reached skill level 10 in Fire Magic
 40405 | Snake:4  | Reached skill level 10 in Ice Magic
 40405 | Snake:4  | Reached skill level 10 in Air Magic
 40405 | Snake:4  | Reached skill level 10 in Earth Magic
 40405 | Snake:4  | Reached skill level 10 in Poison Magic
 40417 | Snake:4  | Learned a level 5 spell: Freezing Cloud
 40655 | Snake:4  | Reached skill level 14 in Polearms
 41086 | Snake:4  | Got a serpentine rune of Zot
 41574 | Snake:4  | Reached skill level 15 in Slings
 41574 | Snake:4  | Reached skill level 15 in Crossbows
 41574 | Snake:4  | Upgraded the game from 0.29-a0-700-g2f1814c7b2 to
                  | 0.29-a0-721-g7f417c9bbb
 41714 | Shoals:1 | Entered Level 1 of the Shoals
 41752 | Shoals:1 | Reached XP level 18. HP: 142/147 MP: 30/36
 41954 | Shoals:1 | Identified the +7 hand axe of Pevox {venom, rElec rCorr
                  | SInv}
 42859 | Shoals:2 | Noticed Polyphemus
 42878 | Shoals:2 | Killed Polyphemus
 44183 | Shoals:3 | Found Tesk's General Store.
 44492 | Shoals:3 | Bought a potion of heal wounds for 80 gold pieces
 44591 | Shoals:3 | Reached skill level 15 in Polearms
 44923 | Shoals:3 | Reached skill level 15 in Ranged Weapons
 45154 | Shoals:4 | Entered Level 4 of the Shoals
 45726 | Shoals:4 | Identified the +9 long sword "Qapsag" {venom, rElec Will+
                  | Int-4}
 45726 | Shoals:4 | Identified the ring of Mutualism {rF++ rC+ rN+ Str-4}
 45733 | Shoals:4 | Reached XP level 19. HP: 158/161 MP: 39/39
 46572 | Shoals:4 | Got a barnacled rune of Zot
 46883 | D:9      | Acquired 877 gold pieces
 47041 | Vaults:1 | Entered Level 1 of the Vaults
 47041 | Vaults:1 | Noticed Donald
 47054 | Vaults:1 | Killed Donald
 47147 | Vaults:1 | Identified the +0 scale mail of the Aged Beggars {*Corrode
                  | rN+ Str+4}
 47211 | Abyss:2  | Cast into level 2 of the Abyss (a wizard)
 47291 | Vaults:1 | Escaped the Abyss
 47624 | Vaults:1 | Reached skill level 16 in Polearms
 48079 | Vaults:1 | Found Odeopiuz's Antique Armour Shop.
 48834 | Vaults:2 | Found Dahepog's Jewellery Shoppe.
 49499 | Vaults:2 | Learned a level 6 spell: Iron Shot
 50022 | Vaults:2 | Reached XP level 20. HP: 170/170 MP: 36/41
 50034 | Vaults:2 | Learned a level 7 spell: Ozocubu's Refrigeration
 50150 | Vaults:2 | Reached skill level 15 in Invocations
 50803 | Vaults:3 | Found a magical portal.
 50828 | WizLab   | Entered Alistair's Party Mansion
 51041 | WizLab   | Reached skill level 17 in Polearms
 51390 | WizLab   | Identified the Volume of Shifting Intoxication
 51406 | WizLab   | Learned a level 3 spell: Swiftness
 51463 | WizLab   | Noticed a golden dragon
 51492 | Abyss:3  | Noticed an ancient lich
 51492 | Abyss:3  | Cast into level 3 of the Abyss (a deep elf sorcerer)
 51516 | WizLab   | Escaped the Abyss
 51756 | Vaults:3 | Acquired 674 gold pieces
 51859 | Vaults:3 | Noticed Bai Suzhen
 51878 | Vaults:3 | Killed Bai Suzhen
 52580 | Vaults:3 | Noticed Aizul
 52597 | Vaults:3 | Killed Aizul
 53044 | Vaults:3 | Identified the +8 long sword "Hydraslayer" {vorpal, rF+
                  | Dex+4}
 53181 | Vaults:3 | Reached XP level 21. HP: 124/178 MP: 35/43
 54306 | Vaults:3 | Reached skill level 15 in Stealth
 54309 | Vaults:3 | Reached skill level 18 in Polearms
 54448 | Vaults:3 | Found a staircase to the Crypt.
 55292 | Vaults:4 | Learned a level 4 spell: Olgreb's Toxic Radiance
 55319 | Vaults:4 | Noticed Sojobo
 55333 | Vaults:4 | Paralysed by an air elemental for 1 turns
 55339 | Vaults:4 | Paralysed by an air elemental for 1 turns
 55649 | Vaults:4 | Killed Sojobo
 56347 | Vaults:4 | Reached skill level 15 in Fighting
 56347 | Vaults:4 | Reached skill level 15 in Axes
 56347 | Vaults:4 | Reached skill level 15 in Armour
 57670 | Vaults:5 | Entered Level 5 of the Vaults
 57896 | Depths:1 | Entered Level 1 of the Depths
 57903 | Depths:1 | Reached XP level 22. HP: 187/187 MP: 40/44
 57936 | Depths:1 | Reached skill level 15 in Short Blades
 57936 | Depths:1 | Reached skill level 15 in Long Blades
 57936 | Depths:1 | Reached skill level 15 in Maces & Flails
 57936 | Depths:1 | Reached skill level 15 in Staves
 57936 | Depths:1 | Reached skill level 15 in Throwing
 57936 | Depths:1 | Reached skill level 15 in Dodging
 57936 | Depths:1 | Reached skill level 15 in Shields
 57936 | Depths:1 | Reached skill level 15 in Unarmed Combat
 57936 | Depths:1 | Reached skill level 15 in Spellcasting
 57936 | Depths:1 | Reached skill level 15 in Evocations
 58180 | Depths:1 | Found a gateway to Hell.
 58229 | Depths:1 | Paralysed by a vampire knight for 5 turns
 58247 | Depths:1 | Paralysed by a vampire knight for 4 turns
 58274 | Depths:1 | Paralysed by a vampire knight for 3 turns
 58689 | Depths:1 | Noticed a caustic shrike
 58689 | Depths:1 | a shadow dragon changed into a caustic shrike
 58701 | Depths:1 | Killed a caustic shrike
 58761 | Depths:1 | Reached skill level 19 in Polearms
 58889 | Depths:1 | Acquired 942 gold pieces
 59491 | Depths:1 | Found a shimmering blue altar of Sif Muna.
 59773 | Depths:2 | Noticed a dread lich
 59787 | Depths:2 | Killed a dread lich
 60222 | Depths:2 | Found the +6 Majin-Bo {vamp, MP+6 Int+6}
 60654 | Depths:2 | Found a one-way gate to the infinite horrors of the Abyss.
 60658 | Depths:2 | Noticed Louise
 60662 | Depths:2 | Killed Louise
 60912 | Depths:2 | Found a one-way gate leading to the halls of Pandemonium.
 61091 | Depths:2 | Found Viph's Armour Boutique.
 62124 | Depths:3 | Found a one-way gateway to a ziggurat.
 63016 | Depths:3 | Reached XP level 23. HP: 181/196 MP: 46/46
 63086 | Depths:3 | Identified the +7 war axe of Qalidgh {drain, Will+}
 63376 | Depths:3 | Found a hide-covered altar of Uskayaw.
 63680 | Depths:4 | Entered Level 4 of the Depths
 63838 | Depths:4 | Found a transporter.
 63841 | Depths:4 | Noticed Zidour's ghost (adept DsBe)
 63841 | Depths:4 | Identified the ring "Tulet" {rC+ Will+ Dex+6}
 63843 | Depths:4 | Noticed a caustic shrike
 63844 | Depths:4 | Noticed a caustic shrike
 63850 | Depths:4 | Found a transporter.
 64344 | Depths:4 | Found Zuugaf's Serpentskin Sales.
 64664 | Depths:4 | Found a gate to the Realm of Zot.
 64718 | Depths:4 | Reached skill level 20 in Polearms
 65027 | Depths:4 | Noticed a golden dragon
 65051 | Depths:4 | Killed a golden dragon
 65256 | Depths:4 | Killed a caustic shrike
 65256 | Depths:4 | Killed a caustic shrike
 65289 | Depths:4 | Killed Zidour's ghost
 65671 | Elf:1    | Entered Level 1 of the Elven Halls
 65894 | Elf:1    | Found Uruts's Book Shoppe.
 65988 | Elf:1    | Found Zurout's Jewellery Shop.
 66198 | Elf:1    | Identified the Almanac of the Arsonist
 66198 | Elf:1    | Identified Sif Muna's Grimoire of Flight
 66254 | Elf:1    | Identified the Guide on the Rocks
 66256 | Elf:1    | Identified the Volume of Cold
 66622 | Elf:1    | Found Xigufic's General Store.
 66628 | Elf:1    | Bought a potion of resistance for 140 gold pieces
 66728 | Elf:1    | Found Gesij's Antique Armour Emporium.
 66801 | Elf:1    | Found Hybacy's Book Emporium.
 67699 | Elf:2    | Found a runed translucent gate.
 67699 | Elf:2    | Found a runed translucent gate.
 67699 | Elf:2    | Found a runed translucent gate.
 68034 | Elf:2    | Found a portal to a secret trove of treasure.
 68329 | Orc:2    | Bought a potion of haste for 130 gold pieces
 68446 | D:8      | Bought a potion of might for 40 gold pieces
 68446 | D:8      | Bought a potion of might for 40 gold pieces
 68446 | D:8      | Bought a potion of might for 40 gold pieces
 68446 | D:8      | Bought a potion of resistance for 100 gold pieces
 68446 | D:8      | Bought a potion of haste for 100 gold pieces
 68623 | Elf:2    | You paid a toll of 7 potions of haste to enter a treasure
                  | trove
 68624 | Trove    | Entered a treasure trove
 68815 | D:11     | Bought a potion of haste for 160 gold pieces
 68815 | D:11     | Bought a potion of haste for 160 gold pieces
 68815 | D:11     | Bought a potion of haste for 160 gold pieces
 69083 | Vaults:5 | Reached XP level 24. HP: 169/205 MP: 33/47
 69094 | Vaults:4 | Reached skill level 21 in Polearms
 69357 | Vaults:5 | Paralysed by a sphinx for 5 turns
 69357 | Vaults:5 | Noticed a dread lich
 69361 | Vaults:5 | Hit by a large rock thrown by a stone giant

Illustrated notes

Levels and vault maps discovered:
D:1:      moated_graveyard_arrival, layout_basic, serial_shops, shop,
          shapermc_ecumenical_altar_mp_vishouse, minmay_3d_cube
D:2:      layout_loops_corners, basic_altar
D:3:      kennysheep_the_goblin_king, layout_loops_ring,
          ebering_ghost_disaster_area, grunt_ministairs_13, uniq_grinder
D:4:      nicolae_cairo_tiling_large_dashed, layout_cave_pools,
          portal_sewer_entry_a, minmay_fractal_squares_5, uniq_robin, uniq_ijyb
D:5:      layout_basic, marbit_many_paths, minmay_temple_entry_water_ring,
          chequers_serial_rivers_small_3, grunt_decor_one_mirror
D:6:      layout_loops_cross, jmf_multi_god_temple2
D:7:      layout_cave_pools, dancing_weapons_uskayaw
D:8:      layout_basic, gammafunk_temple_overflow_wave, lair_entry_dummy,
          serial_shops, kennysheep_mini_moat, chequers_serial_rivers_micro_b,
          disabler_island
D:9:      layout_loops_corners, chequers_temple_overflow_statue_of_worship
D:10:     layout_long_grid, hiddenorc2_lemuel
D:11:     layout_rooms, serial_shops, nicolae_inconvenience_store, uniq_lodul,
          uniq_snorg
D:12:     layout_gridville, serial_shops, nicolae_shop_waterfront, shop_statue,
          shop
D:13:     layout_loops_ring, ximxim_vaults_locker_room, serial_shops,
          shop_scrolls, nzn_hepliaklqana_mist_gate
D:14:     layout_rooms, nicolae_dithmenos_shadow_blocks
D:15:     hangedman_depths_entry_civil_slaughter, layout_basic,
          cheibriados_altar_1
Temple:   eino_temple_lava
Lair:1:   layout_chaotic_city, lemuel_fruit_tree, grunt_megastairs_5,
          uniq_amaemon
Lair:2:   layout_misc_corridors
Lair:3:   layout_hall_layers, shoals_dummy_entry,
          minmay_snake_entry_guardpost_small
Lair:4:   layout_cave_pods, serial_bayou_shore_a
Lair:5:   layout_gridlike
Lair:6:   cheibrodos_lair_end_hotspot, layout_layer_cave, slime_entry_2
Shoals:1: layout_shoals
Shoals:2: layout_shoals, nicolae_shoals_land_atoll, uniq_polyphemus
Shoals:3: layout_shoals, serial_shops, nicolae_stop_n_shop_2
Shoals:4: shoals_end_hellmonk_lost_city
Snake:1:  layout_cave_pods, basic_altar,
          nicolae_snake_yet_another_twisty_hallway, uniq_jorgrun
Snake:2:  layout_chambers, portal_ice_cave_entry_pillars_four, serial_shops,
          nicolae_shop_stone, shop, shop_coins, serial_bayou_ford_a,
          hangedman_snake_sidewinding, grunt_megastairs_2
Snake:3:  layout_chambers, serial_bayou_shore_b, uniq_roxanne
Snake:4:  grunt_snake_rune_pools, layout_misc_corridors, drop_trap
Orc:1:    layout_diamond_mine, lightli_orcish_oven, uniq_erica
Orc:2:    hellmonk_orc_salted, layout_caves, serial_shops, bzr_entry_gold,
          nicolae_alphabet_shops, nicolae_orc_lava_room, uniq_maurice
Elf:1:    minmay_elf_arrival_circle, layout_onion_city, serial_shops,
          nicolae_shop_behind_doors, nicolae_square_shop, shop, shop_fountains,
          nicolae_shop_crystal, kennysheep_underground_church,
          nicolae_elf_elemental_lessons
Elf:2:    nicolae_elf_blades_crystal_corner, layout_loops_corners,
          nicolae_trove_entry_path_of_doom
Vaults:1: hangedman_vaults_restitches, nicolae_vaults_theta,
          nicolae_vaults_display_case, v_alt_pattern_4, grunt_vaults_diagonal,
          v_misc_8, vaults_room_pool, nicolae_vaults_yaktaur_gun_rack,
          vaults_room_hallway, layout_vaults_omnigrid, serial_shops,
          nicolae_shop_overgrown_old_shop, uniq_donald
Vaults:2: hangedman_vaults_stitches, vaults_room_fancy_cross, v_misc_17,
          hangedman_vaults_stream, nicolae_vaults_twisting_passages,
          ontoclasm_vaults_gateway, vaults_dpeg_encased_lava, v_pattern_5,
          ontoclasm_vaults_ring_square, nicolae_vaults_network_star,
          ontoclasm_vaults_spin, layout_vaults_maze_bifur, serial_shops,
          nicolae_shop_stone
Vaults:3: infiniplex_enter_wizlab_glasses, v_misc_14,
          minmay_crypt_entry_simple_plaza, vaults_standard_mumra_lines,
          v_misc_27, nicolae_vaults_network_quincunx
          [nicolae_vaults_network_quincunx_subvault,
          nicolae_vaults_network_quincunx_subvault,
          nicolae_vaults_network_quincunx_subvault,
          nicolae_vaults_network_quincunx_subvault,
          nicolae_vaults_network_quincunx_subvault], ontoclasm_vaults_chip,
          nicolae_vaults_what_the_h, v_misc_29, ontoclasm_vaults_shout,
          hangedman_vaults_stretched_pinwheel, layout_vaults_omnicross,
          uniq_aizul, uniq_bai_suzhen
Vaults:4: hangedman_vaults_corner, hangedman_vaults_pinch, v_alt_pattern_3,
          v_misc_23, vaults_room_semicircle, hangedman_vaults_nails, v_rooms_5,
          v_misc_16, vaults_room_ringed_pool, v_misc_24, grunt_vaults_funnel,
          v_misc_31, vaults_room_stairs_pillars, v_misc_19, layout_vaults_ring,
          uniq_sojobo
Vaults:5: serial_shops
Depths:1: layout_gridlike, pf_vacation_house_of_asmodeus, serial_aquarium,
          aquarium_bridge_square [aquarium_subvault_wall,
          aquarium_subvault_bridge, aquarium_subvault_wall,
          aquarium_subvault_bridge], aquarium_window_corridor_3,
          aquarium_window_2, aquarium_window_1, aquarium_window_fake,
          aquarium_view_2c, aquarium_view_2c, glass_columns_a, led_sif_pool
Depths:2: minmay_guarded_unrand_majin_bo, layout_honeycomb, pan_entry,
          nicolae_abyss_entry_one_way_or_another, hell_entry,
          infiniplex_staircase_zigzag_2, minmay_shop_star
Depths:3: regret_index_uskayaw_diablada_macabre, layout_gridlike,
          enter_ziggurat_b, grunt_hell_entry_dis_grunt,
          hangedman_abyss_entry_splay
Depths:4: evilmike_zot_entry_round, layout_gridlike, hell_entry,
          serial_sigils_hangedman_scratch, gammafunk_ghost_berserking_beasts,
          nrook_mini_vaults, hex_large, guppyfry_shop_venom

Skill      XL: |  1  2  3  4  5  6  7  8  9 10 11 12 13 14 15 16 17 18 19 20 21 22 23 24 |
---------------+-------------------------------------------------------------------------+-----
Short Blades   | 1 2 3 4 5 6 7 8 9 10 11 12 13 14 15 16 | 16.5
Long Blades    | 1 2 3 4 5 6 7 8 9 10 11 12 13 14 15 16 | 16.5
Maces & Flails | 1 2 3 4 5 6 7 8 9 10 11 12 13 14 15 16 | 16.5
Polearms       | 1 2 3 4 5 6 7 8 10 11 13 14 15 16 17 18 19 20 21 | 21.0
Staves         | 1 2 3 4 5 6 7 8 9 10 11 12 13 14 15 16 | 16.5
Slings         | 1 2 3 4 5 6 7 8 9 10 11 15 |  0.0
Crossbows      | 1 2 3 4 5 6 7 8 9 10 11 15 |  0.0
Throwing       | 1 2 3 4 5 6 7 8 9 10 11 12 13 14 15 16 | 16.5
Dodging        | 1 2 3 4 5 6 7 8 9 10 11 12 13 14 15 16 | 16.5
Shields        | 1 2 3 4 5 6 7 8 9 10 11 12 13 14 15 16 | 16.5
Unarmed Combat | 1 2 3 4 5 6 7 8 9 10 11 12 13 14 15 16 | 16.5
Spellcasting   | 1 2 3 4 5 6 7 8 9 10 11 12 13 14 15 16 | 16.5
Evocations     | 1 2 3 4 5 6 7 8 9 10 11 12 13 14 15 16 | 16.5
Fighting       | 3 4 5 6 7 8 9 10 11 12 13 14 15 16 | 16.7
Axes           | 3 4 5 6 7 8 9 10 11 12 13 14 15 16 | 16.7
Armour         | 3 4 5 6 7 8 9 10 11 12 13 14 15 16 | 16.7
Conjurations   | 1 2 3 4 5 6 7 8 9 10 11 12 13 14 | 14.0
Hexes          | 1 2 3 4 5 6 7 8 9 10 11 12 13 14 | 14.0
Summonings     | 1 2 3 4 5 6 7 8 9 10 11 12 13 14 | 14.0
Necromancy     | 1 2 3 4 5 6 7 8 9 10 11 12 13 14 | 14.0
Translocations | 1 2 3 4 5 6 7 8 9 10 11 12 13 14 | 14.0
Transmutations | 1 2 3 4 5 6 7 8 9 10 11 12 13 14 | 14.0
Fire Magic     | 1 2 3 4 5 6 7 8 9 10 11 12 13 14 | 14.0
Ice Magic      | 1 2 3 4 5 6 7 8 9 10 11 12 13 14 | 14.0
Air Magic      | 1 2 3 4 5 6 7 8 9 10 11 12 13 14 | 14.0
Earth Magic    | 1 2 3 4 5 6 7 8 9 10 11 12 13 14 | 14.0
Poison Magic   | 1 2 3 4 5 6 7 8 9 10 11 12 13 14 | 14.0
Invocations    | 3 4 5 6 8 9 10 11 12 13 14 15 16 17 18 | 18.0
Ranged Weapons | 9 10 11 12 13 14 15 16 17 18 | 18.2
Stealth        | 5 6 7 8 9 10 11 12 13 14 15 16 | 16.9

Action                   |  1- 3 |  4- 6 |  7- 9 | 10-12 | 13-15 | 16-18 | 19-21 | 22-24 || total
-------------------------+-------+-------+-------+-------+-------+-------+-------+-------++-------
Melee: Unarmed           |       |       |    14 |       |       |       |       |       ||    14
       Hand axe          |       |       |     3 |       |       |       |       |       ||     3
       Shortbow          |       |       |     1 |       |       |       |       |       ||     1
       Trident           |       |       |       |       |   367 |  1610 |  1253 |   827 ||  4057
       Bite              |       |       |       |       |    35 |   194 |   211 |   163 ||   603
 Fire: Shortbow          |    81 |   161 |   508 |   859 |  1161 |       |       |       ||  2770
Throw: Throwing net      |       |       |       |     1 |       |       |       |       ||     1
       Boomerang         |       |       |       |       |       |     3 |    21 |    11 ||    35
       Javelin           |       |       |       |       |       |       |     5 |     3 ||     8
       Dart              |       |       |       |       |       |       |     1 |       ||     1
 Cast: Blink             |       |       |     5 |    13 |    33 |     7 |    12 |     1 ||    71
       Inner Flame       |       |       |     3 |    17 |     4 |       |     1 |       ||    25
       Mephitic Cloud    |       |       |       |    25 |    62 |    21 |    40 |     5 ||   153
       Ignite Poison     |       |       |       |    20 |    48 |    38 |    67 |    40 ||   213
       Conjure Flame     |       |       |       |    21 |     8 |     6 |     2 |       ||    37
       Lightning Bolt    |       |       |       |     3 |    47 |    17 |    23 |    16 ||   106
       Summon Ice Beast  |       |       |       |     2 |    50 |    12 |     2 |     1 ||    67
       Wereblood         |       |       |       |     2 |     8 |    17 |     7 |     2 ||    36
       Leda's Liquefacti |       |       |       |       |    10 |       |       |       ||    10
       Portal Projectile |       |       |       |       |     6 |       |       |       ||     6
       Irradiate         |       |       |       |       |       |    15 |    14 |    11 ||    40
       Freezing Cloud    |       |       |       |       |       |    15 |    29 |     1 ||    45
       Ozocubu's Refrige |       |       |       |       |       |       |    32 |    42 ||    74
       Iron Shot         |       |       |       |       |       |       |    11 |    48 ||    59
       Olgreb's Toxic Ra |       |       |       |       |       |       |     8 |    16 ||    24
       Swiftness         |       |       |       |       |       |       |     1 |     2 ||     3
Invok: Curse Item        |       |       |     4 |     5 |     2 |     2 |       |       ||    13
       Shatter the Chain |       |       |       |       |     1 |     2 |       |       ||     3
Evoke: Wand              |       |       |       |       |       |    10 |       |       ||    10
       Phial of floods   |       |       |       |       |       |       |       |     1 ||     1
  Use: Scroll            |       |    13 |    11 |     1 |     6 |     3 |     6 |     1 ||    41
       Potion            |       |       |     2 |     7 |     6 |    15 |     1 |     2 ||    33
 Stab: Sleeping          |       |       |       |       |     9 |    31 |    30 |    33 ||   103
       Confused          |       |       |       |       |     8 |    11 |    21 |       ||    40
       Distracted        |       |       |       |       |     1 |    14 |     6 |     4 ||    25
       Invisible         |       |       |       |       |       |       |       |     8 ||     8
Armor: Leather armour    |    12 |    26 |    31 |       |       |       |       |       ||    69
       Fire dragon scale |       |       |   108 |   213 |   470 |   232 |   141 |   138 ||  1302
       Skin              |       |       |     1 |       |       |       |       |       ||     1
Dodge: Dodged            |    21 |    35 |   179 |   333 |   707 |   424 |   324 |   277 ||  2300
Block: Tower shield      |       |       |       |       |   154 |  1397 |  1043 |   701 ||  3295
       Buckler           |       |       |       |       |    20 |       |       |       ||    20

Table legend: (Time is in decaauts)
 A = Elapsed time spent in this place.
 B = Non-inter-level travel time spent in this place.
 C = Inter-level travel time spent in this place.
 D = Time resting spent in this place.
 E = Time spent auto-exploring this place.
 F = Levels seen in this place.
 G = Mean time per level.
                   A        B        C        D        E       F      G
               +--------+--------+--------+--------+--------+-----+--------+
         Total |  69183 |  64240 |   4943 |  12438 |  36962 |  50 | 1383.7 |
       Dungeon |  19572 |  17500 |   2072 |   1919 |  11798 |  15 | 1304.8 |
        Temple |     75 |     61 |     14 |      0 |     49 |   1 |   75.0 |
          Lair |  11409 |  10731 |    678 |   2866 |   5471 |   6 | 1901.5 |
        Shoals |   4958 |   4787 |    171 |    332 |   3073 |   4 | 1239.5 |
     Snake Pit |   6548 |   5945 |    603 |   1280 |   3172 |   4 | 1637.0 |
  Orcish Mines |   3194 |   2839 |    355 |   1201 |   1036 |   2 | 1597.0 |
   Elven Halls |   2609 |   2436 |    173 |    233 |   1717 |   2 | 1304.5 |
        Vaults |   9882 |   9441 |    441 |   2565 |   4714 |   5 | 1976.4 |
        Depths |   7488 |   7056 |    432 |    736 |   5018 |   4 | 1872.0 |
         Abyss |    107 |    107 |      0 |      0 |     18 |   3 |   35.7 |
        Bazaar |    347 |    347 |      0 |      0 |    271 |   1 |  347.0 |
         Trove |     25 |     25 |      0 |      0 |      0 |   1 |   25.0 |
      Ice Cave |   2080 |   2080 |      0 |   1114 |    431 |   1 | 2080.0 |
        Wizlab |    883 |    883 |      0 |    189 |    190 |   1 |  883.0 |
               +--------+--------+--------+--------+--------+-----+--------+

Top non-repeatable levels by time:
  Lair:6: 3481 daAuts
Vaults:3: 3478 daAuts
     D:8: 2741 daAuts
Vaults:2: 2647 daAuts
Vaults:4: 2316 daAuts
 Snake:2: 2128 daAuts
  Lair:3: 2127 daAuts
     D:9: 2097 daAuts
   IceCv: 2080 daAuts
Depths:1: 2080 daAuts
Depths:2: 1972 daAuts
  Lair:5: 1903 daAuts
Depths:3: 1883 daAuts
 Snake:4: 1831 daAuts
    D:10: 1821 daAuts
